 Dungeon Crawl Stone Soup version 0.32-a0-607-g64ea0e4219 (webtiles) character file.

Game seed: 10445499765333389071

26723 snarfax the Severer (level 13, -5/117 HPs)
             Began as a Mountain Dwarf Berserker on Mar 3, 2024.
             Was a High Priest of Trog.
             Killed by divine providence
             ... invoked by a meliai
              (11 damage)
             ... on level 13 of the Dungeon.
             The game lasted 00:49:50 (15577 turns).

snarfax the Severer (Mountain Dwarf Berserker)     Turns: 15577, Time: 00:49:50

Health: -5/117     AC: 20    Str: 25    XL:     13   Next: 0%
Magic:  13/13      EV: 10    Int: 13    God:    Trog [*****.]
Gold:   744        SH: 15    Dex:  9    Spells: 12/12 levels left

rFire   + . .        N - +1 broad axe (venom)
rCold   + + .        x - +1 tower shield
rNeg    . . .        M - quicksilver dragon scales "Mufunt" {Rampage rC+ Will+ Int+5}
rPois   .            (no helmet)
rElec   .            v - scarf {rC+ rF+}
rCorr   .            Z - +0 pair of gloves
SInv    +            h - +0 pair of boots
Will    ++++.        y - amulet of the acrobat Stlth
                     f - ring of see invisible
HPRegen 1.39/turn    d - +4 ring of protection
MPRegen 0.13/turn

%: acrobat, rampage
@: about to teleport, strong-willed, regenerating, invisible
A: runic magic, artefact enchanting
a: Renounce Religion, Berserk, Trog's Hand, Brothers in Arms


You were on level 13 of the Dungeon.
You worshipped Trog.
Trog was extremely pleased with you.
You visited 1 branch of the dungeon, and saw 13 of its levels.
You also visited: Sewer and Bailey.

You collected 849 gold pieces.
You spent 105 gold pieces at shops.

Inventory:

Hand Weapons
 u - a +3 whip of flaming
 J - a +0 war axe of draining
 N - a +1 broad axe of venom (weapon)
 Q - a +3 vampiric spear
 Y - a +4 scimitar of flaming
Missiles
 e - 5 atropa-tipped darts
 g - 18 boomerangs
 j - 63 poisoned darts (quivered)
 I - a curare-tipped dart
Armour
 h - a +0 pair of boots (worn)
 v - a scarf of resistance (worn)
 x - a +1 tower shield (worn)
 F - a +1 plate armour
 H - a +0 cloak
 M - the quicksilver dragon scales "Mufunt" (worn) {Rampage rC+ Will+ Int+5}
   (You found it in a bailey)

   Int+5:     It affects your intelligence (+5).
   rC+:       It protects you from cold.
   Will+:     It increases your willpower.
   Rampage:   It bestows one free step when moving towards enemies.
 Z - a +0 pair of gloves (worn)
Jewellery
 d - a +4 ring of protection (right hand)
 f - a ring of see invisible (left hand)
 s - a ring of flight
 y - an amulet of the acrobat (around neck)
 A - a ring of ice
 C - an amulet of magic regeneration
 K - a +6 ring of intelligence
 S - a +4 ring of protection
 T - a ring of ice
Wands
 a - a wand of charming (13)
 q - a wand of polymorph (13)
 r - a wand of mindburst (8)
 t - a wand of quicksilver (10)
 L - a wand of flame (18)
Scrolls
 k - 5 scrolls of teleportation
 z - a scroll of acquirement
 D - a scroll of brand weapon
 E - 3 scrolls of poison {unknown}
 U - 2 scrolls of vulnerability
 V - a scroll of enchant weapon
 W - a scroll of revelation
 X - a scroll of immolation
Potions
 b - 2 potions of heal wounds
 c - 2 potions of enlightenment
 i - 5 potions of mutation
 l - 3 potions of haste
 m - 3 potions of lignification
 o - a potion of might {unknown}
 p - a potion of magic
 w - 3 potions of curing
 B - a potion of resistance {unknown}
 G - 2 potions of attraction
 R - a potion of berserk rage {unknown}


   Skills:
 + Level 11.7 Fighting
 * Level 16.2 Axes
 + Level 11.4 Armour
 - Level 5.0 Dodging
 + Level 9.0 Shields


You had 12 spell levels left.
You didn't know any spells.
Your spell library was empty.

Dungeon Overview and Level Annotations

Branches:
Dungeon (13/15)            Temple (0/1) D:6            Lair (0/5) D:10
    Orc (0/2) D:10          Sewer (visited)          Bailey (visited)
 Vaults: D:13-14

Altars:
Ashenzari
Cheibriados
Dithmenos
Elyvilon
Hepliaklqana
Kikubaaqudgha
Makhleb
Nemelex Xobeh
Okawaru
Qazlal
Sif Muna
Trog
Xom
Yredelemnul

Shops:
D:5 :   D:7 *   D:11 :

Portals:
Trove: D:11 (give 7 scrolls of fog)

Annotations:
D:8 3 runed translucent doors, Aneyh's ghost, novice TeMo
D:11 1 runed translucent door


Innate Abilities, Weirdness & Mutations

Your spellcasting is much less encumbered by armour.
You can use scrolls of enchantment on lesser artefacts.


Message History

The meliai calls down the wrath of its god upon you.
Something smites you! The meliai closely misses you.
The meliai completely misses you.
Unknown command.
You closely miss the meliai. The meliai hits you but does no damage.
The meliai closely misses you. You block the meliai's attack.
The meliai stings you!
The meliai calls upon its god to heal the meliai.
The meliai's wounds heal themselves!
You slash the meliai!
The meliai is moderately wounded.
The meliai calls down the wrath of its god upon you.
Something smites you! You block the meliai's attack.
The meliai stings you but does no damage.
The meliai hits you with a +2 hand axe of flaming.
The meliai burns you. You block the meliai's attack.
The meliai calls upon its god to heal the meliai.
The meliai's wounds heal themselves!
Your skin crawls.
You feel strong-willed.
The meliai hits you with a +2 hand axe of flaming.
You block the meliai's attack.
The meliai invokes the aid of its god against you.
Something smites you!
* * * LOW HITPOINT WARNING * * *
The meliai mumbles some strange prayers to its god against you.
Something smites you!
* * * LOW HITPOINT WARNING * * *
The meliai hits you with a +2 hand axe of flaming!
* * * LOW HITPOINT WARNING * * *
You block the meliai's attack.
Blink to where?
Press: ? - help, Dir - move target
As you read the scroll of blinking, it crumbles to dust.
You fade into invisibility!
As you read the scroll of teleportation, it crumbles to dust.
You feel strangely unstable.
The meliai mumbles some strange prayers to its god against you.
Something smites you!
You die...

#..#######)####### ###
#. . #ยง# #. ##. #.# #
#..#.# #y########## ####
##.#..#.## #.y.......(.
.... ........
#.y......... ....
##.#..#.#####..)........
....
..............#)########
#### ..............#@#
##.#..#.#######.#
.......O ###.# #.#..#.#
#...################ #
#..#.#
#................... #.
##. #....###############
#. . ##...# #...# #...#


You could see 3 meliai.

Vanquished Creatures
  Snorg (D:13)
  A fire dragon (D:12)
  Fannar (D:10)
  2 centaur warriors
  A boulder beetle (D:12)
  2 orc high priests (Bailey)
  7 two-headed ogres
  2 arcanists
  An orc knight (Bailey)
  Pikel (D:8)
  A deep elf pyromancer (D:12)
  2 cyclopes (D:12)
  A meliai (D:12)
  A gargoyle (D:12)
  2 centaur skeletons (D:13)
  A komodo dragon (D:12)
  An unseen horror (D:12)
  An efreet (D:12)
  Grinder (Sewer)
  4 trolls (D:12)
  2 hornets
  Prince Ribbit (D:6)
  A slime creature (D:12)
  2 shadows
  2 wraiths
  A wyvern (D:7)
  26 yaks
  6 vampire mosquitoes
  2 basilisks (D:12)
  2 steam dragons
  2 water moccasins
  3 acid dragons
  2 black bears (D:5)
  An ice beast (D:5)
  16 orc warriors
  2 ogres
  A boggart (D:12)
  5 centaurs
  A phantom (D:4)
  3 kobold brigands
  2 gnoll sergeants
  2 bullfrogs
  4 wights (D:9)
  6 killer bees
  4 electric eels (Bailey)
  A bombardier beetle (D:5)
  3 howler monkeys
  2 quasits (Sewer)
  A jelly (D:5)
  2 hounds
  4 orc priests
  An iron imp (D:7)
  2 sleepcaps
  An iguana (D:6)
  Terence (D:3)
  10 orc wizards
  Natasha (D:2)
  11 gnolls
  3 adders
  A shadow imp (Sewer)
  3 ufetubi (Sewer)
  3 dart slugs
  4 ribbon worms
  41 orcs
  A bat zombie (Sewer)
  11 endoplasms
  5 giant cockroaches
  18 goblins
  8 hobgoblins
  10 jackals
  35 kobolds
  3 quokkas
  9 ball pythons
  5 bats
  4 frilled lizards
  A rat (D:1)
338 creatures vanquished.

Vanquished Creatures (others)
  A human (D:8)
  A killer bee (D:8)
  An endoplasm (Sewer)
3 creatures vanquished.

Grand Total: 341 creatures vanquished

Notes
Turn   | Place    | Note
-------+----------+-------------------------------------------
     0 | D:1      | snarfax the Mountain Dwarf Berserker began the quest for
                  | the Orb.
     0 | D:1      | Reached XP level 1. HP: 19/19 MP: 1/1
    99 | D:1      | Reached XP level 2. HP: 26/26 MP: 2/2
   162 | D:1      | You fall into a shaft and drop 1 floor!
   199 | D:2      | Reached skill level 4 in Axes
   279 | D:2      | Reached XP level 3. HP: 33/33 MP: 3/3
   881 | D:2      | Noticed Natasha
   900 | D:2      | Killed Natasha
  1012 | D:1      | Reached ** piety under Trog
  1013 | D:1      | Reached XP level 4. HP: 40/40 MP: 4/4
  1735 | D:3      | Noticed Terence
  1742 | D:3      | Killed Terence
  1772 | D:3      | Found a glowing drain.
  1799 | Sewer    | Entered a sewer
  1853 | Sewer    | Reached *** piety under Trog
  1855 | Sewer    | Reached XP level 5. HP: 44/44 MP: 5/5
  2031 | Sewer    | Reached skill level 5 in Axes
  2138 | Sewer    | Found a burning altar of Makhleb.
  2178 | Sewer    | Reached XP level 6. HP: 31/55 MP: 6/6
  2331 | Sewer    | Lost dexterity.
  2342 | Sewer    | Reached skill level 5 in Fighting
  2693 | Sewer    | Noticed Grinder
  2705 | Sewer    | Killed Grinder
  2706 | Sewer    | Reached skill level 6 in Axes
  2706 | Sewer    | Reached XP level 7. HP: 46/61 MP: 7/7
  2950 | D:3      | Identified the +1 robe "Ileh" {Harm Regen+ Archmagi}
  2987 | D:3      | Found a shadowy altar of Dithmenos.
  3018 | D:3      | Found a snail-covered altar of Cheibriados.
  3629 | D:4      | Reached skill level 5 in Armour
  4265 | D:5      | Entered Level 5 of the Dungeon
  4427 | D:5      | Found an iron altar of Okawaru.
  4454 | D:5      | Found Raduc's Book Shop.
  4662 | D:5      | Found a bloodstained altar of Trog.
  4676 | D:5      | Reached skill level 7 in Axes
  4676 | D:5      | Reached XP level 8. HP: 71/71 MP: 8/8
  4932 | D:5      | Found a broken altar of Ashenzari.
  4957 | D:5      | Found a stormy altar of Qazlal.
  5253 | D:5      | Found a sparkling altar of Nemelex Xobeh.
  5400 | D:5      | Found a shimmering blue altar of Sif Muna.
  5479 | D:6      | Found the amulet of Elemental Vulnerability {rPois rF--
                  | rC-- AC+8}
  5675 | D:6      | Found a staircase to the Ecumenical Temple.
  5721 | D:6      | Reached skill level 1 in Shields
  6276 | D:6      | Found a hazy altar of Hepliaklqana.
  6279 | D:6      | Found a shimmering altar of Xom.
  6280 | D:6      | Noticed a spectral ugly thing
  6351 | D:6      | Found a white marble altar of Elyvilon.
  6512 | D:7      | Reached skill level 8 in Axes
  6820 | D:7      | Noticed Prince Ribbit
  6844 | D:6      | Killed Prince Ribbit
  6845 | D:6      | Reached XP level 9. HP: 51/79 MP: 9/9
  6933 | D:7      | Found Titinn's General Store.
  7055 | D:7      | Bought a scroll of enchant armour for 105 gold pieces
  7277 | D:7      | Found a burning altar of Makhleb.
  7412 | D:8      | Found a runed translucent gate.
  7412 | D:8      | Found a runed translucent gate.
  7412 | D:8      | Found a runed translucent gate.
  7419 | D:8      | Noticed a spectral unseen horror
  7419 | D:8      | Noticed Aneyh's ghost (novice TeMo)
  7449 | D:8      | Reached **** piety under Trog
  7454 | D:8      | Reached skill level 9 in Axes
  7682 | D:8      | Noticed Pikel
  7697 | D:8      | Killed Pikel
  7831 | D:8      | Reached skill level 5 in Dodging
  7987 | D:8      | Noticed a two-headed ogre
  8006 | D:8      | Killed a two-headed ogre
  8007 | D:8      | Reached skill level 10 in Axes
  8019 | D:8      | Reached XP level 10. HP: 24/88 MP: 10/10
  8193 | D:8      | Found an ancient bone altar of Kikubaaqudgha.
  8496 | D:9      | Noticed a two-headed ogre
  8507 | D:9      | Killed a two-headed ogre
  8693 | D:9      | Reached skill level 11 in Axes
  8701 | D:9      | Found a flagged portal.
  8710 | Bailey   | Entered a bailey
  8824 | Bailey   | Noticed an orc knight
  8841 | Bailey   | Killed an orc knight
  9010 | Bailey   | Noticed an orc high priest
  9017 | Bailey   | Noticed a sun demon
  9020 | Bailey   | Killed an orc high priest
  9063 | Bailey   | Found an iron altar of Okawaru.
  9063 | Bailey   | Noticed an orc high priest
  9075 | Bailey   | Noticed a rust devil
  9080 | Bailey   | Killed an orc high priest
  9081 | Bailey   | Reached skill level 12 in Axes
  9081 | Bailey   | Reached skill level 5 in Shields
  9278 | Bailey   | Identified the quicksilver dragon scales "Mufunt" {Rampage
                  | rC+ Will+ Int+5}
 10032 | Bailey   | Reached XP level 11. HP: 97/97 MP: 11/11
 10433 | D:9      | Noticed a two-headed ogre
 10668 | D:9      | Killed a two-headed ogre
 11238 | D:10     | Entered Level 10 of the Dungeon
 11248 | D:10     | Reached skill level 13 in Axes
 11508 | D:10     | Reached skill level 10 in Fighting
 11625 | D:10     | Found a basalt altar of Yredelemnul.
 11648 | D:10     | Reached ***** piety under Trog
 11828 | D:10     | Found a staircase to the Lair.
 11832 | D:10     | Identified the +6 war axe of the Heavens {freeze, rElec rN+
                  | Str-2 Dex+2}
 11919 | D:10     | Noticed Fannar
 11943 | D:10     | Killed Fannar
 12128 | D:10     | Found a staircase to the Orcish Mines.
 12570 | D:11     | Reached skill level 14 in Axes
 12615 | D:11     | Noticed a two-headed ogre
 12623 | D:11     | Killed a two-headed ogre
 12624 | D:11     | Reached skill level 10 in Armour
 12874 | D:11     | Noticed a five-headed hydra
 12874 | D:11     | Noticed a centaur warrior
 12874 | D:11     | Found the +9 sword of Power {lifebolt}
 12876 | D:11     | Identified the +9 morningstar "Geilyeb" {flame, Int+6}
 12876 | D:11     | Noticed a centaur warrior
 12882 | D:11     | Found a runed translucent door.
 12882 | D:11     | Noticed a skeletal warrior
 12882 | D:11     | Noticed an ogre mage
 12883 | D:11     | Noticed an orc sorcerer
 12978 | D:11     | Noticed a centaur warrior
 12995 | D:11     | Killed a centaur warrior
 13190 | D:11     | Reached XP level 12. HP: 103/107 MP: 12/12
 13329 | D:11     | Found a portal to a secret trove of treasure.
 13399 | D:11     | Found Iwyizagg's Tremendous Tomes.
 13648 | D:12     | Noticed a fire dragon
 13673 | D:12     | Killed a fire dragon
 13673 | D:12     | Noticed a centaur warrior
 13677 | D:12     | Killed a centaur warrior
 13846 | D:12     | Reached skill level 15 in Axes
 13862 | D:12     | Noticed a boulder beetle
 13896 | D:12     | Received a gift from Trog
 13897 | D:12     | Killed a boulder beetle
 14504 | D:12     | Noticed a two-headed ogre
 14521 | D:12     | Killed a two-headed ogre
 15148 | D:13     | Noticed Snorg
 15164 | D:13     | Killed Snorg
 15165 | D:13     | Reached skill level 16 in Axes
 15387 | D:13     | Noticed a two-headed ogre
 15390 | D:13     | Noticed a two-headed ogre
 15416 | D:13     | Killed a two-headed ogre
 15424 | D:13     | Killed a two-headed ogre
 15566 | D:13     | Reached XP level 13. HP: 109/117 MP: 13/13
 15574 | D:13     | HP: 2/117 [meliai/+2 hand axe of flaming (8)]
 15577 | D:13     | Killed from afar by a meliai

Illustrated notes

Levels and vault maps discovered:
D:1:      scummos_arrival_forest, layout_rooms
D:2:      minmay_spotlight, layout_basic, uniq_natasha
D:3:      layout_rooms, mainiacjoe_overflow_swirl, cheibrodos_sewer_entry_bend,
          uniq_terence
D:4:      layout_cave_pools
D:5:      layout_basic, trog_ov_bears_minmay, kennysheep_okawaru_gauntlet,
          kennysheep_orc_sif_temple, mainiacjoe_overflow_alcove_2,
          mainiacjoe_overflow_two_lobes, serial_shops, shop
D:6:      layout_loops_ring, regret_index_temple_of_mockery,
          nicolae_elyvilon_temple_path, minmay_temple_entry_slanted
D:7:      layout_basic, demons_altar, serial_shops, nicolae_stop_n_shop_1,
          uniq_jeremiah, uniq_prince_ribbit1
D:8:      layout_loops_ring, tgw_kikubaaqudgha, gammafunk_ghost_necromancy,
          uniq_pikel
D:9:      layout_irregular_city, enter_bailey_2, nrook_uturn, minmay_puff
D:10:     layout_roguey, mainiacjoe_overflow_concentric_impassable,
          lair_entry_dummy, orc_0_dummy, uniq_fannar
D:11:     layout_irregular_city, trove_entry_hex_spiral,
          nicolae_shop_i_like_big_books, minmay_st_funbox
D:12:     minmay_the_grid_3x2 [minmay_the_grid_aliased_spiral,
          minmay_the_grid_expand, minmay_the_grid_broken_lines,
          minmay_the_grid_stretched_grid, minmay_the_grid_garden,
          minmay_the_grid_prize_inner_circle], layout_stronghold
D:13:     layout_long_grid, hangedman_vaults_entry_quadrant_bands,
          minmay_pinched_square, uniq_frances, uniq_snorg, uniq_kirke,
          uniq_nessos

Skill      XL: |  1  2  3  4  5  6  7  8  9 10 11 12 |
---------------+-------------------------------------+-----
Axes           | 4 5 6 7 8 10 12 14 16 | 16.2
Fighting       | 4 5 6 7 8 9 10 11 | 11.7
Armour         | 3 4 5 6 7 8 10 11 | 11.4
Dodging        | 2 3 5 |  5.0
Shields        | 1 3 5 7 9 |  9.0

Action                     |  1- 3 |  4- 6 |  7- 9 | 10-12 | 13-15 || total
---------------------------+-------+-------+-------+-------+-------++-------
  Melee: Short sword       |    32 |       |       |       |       ||    32
         Hand axe          |    64 |   120 |   113 |       |       ||   297
         Long sword        |       |    65 |       |       |       ||    65
         Whip              |       |       |   147 |       |       ||   147
         Battleaxe         |       |       |   110 |       |       ||   110
         War axe           |       |       |    34 |    48 |       ||    82
         Broad axe         |       |       |       |   523 |     4 ||   527
  Throw: Boomerang         |     5 |     4 |    31 |       |       ||    40
         Dart              |       |       |    11 |    12 |       ||    23
 Invoke: Berserk           |       |     3 |     5 |     5 |       ||    13
         Trog's Hand       |       |     2 |     3 |       |     1 ||     6
    Use: Scroll            |     3 |     4 |     8 |    13 |     2 ||    30
         Potion            |       |       |     2 |       |     1 ||     3
 Armour: Animal skin       |    13 |       |       |       |       ||    13
         Ring mail         |    39 |   237 |       |       |       ||   276
         Chain mail        |       |       |   360 |       |       ||   360
         Plate armour      |       |       |   100 |    61 |       ||   161
         Quicksilver drago |       |       |       |   288 |    10 ||   298
  Dodge: Dodged            |    55 |   154 |   158 |   181 |     7 ||   555
  Block: Tower shield      |       |       |    92 |   402 |    13 ||   507

Table legend: (Time is in decaauts)
 A = Elapsed time spent in this place.
 B = Non-inter-level travel time spent in this place.
 C = Inter-level travel time spent in this place.
 D = Time resting spent in this place.
 E = Time spent auto-exploring this place.
 F = Levels seen in this place.
 G = Mean time per level.
                   A        B        C        D        E       F      G
               +--------+--------+--------+--------+--------+-----+--------+
         Total |  16561 |  16179 |    382 |   2450 |  10241 |  15 | 1104.1 |
       Dungeon |  13814 |  13432 |    382 |   1093 |   9497 |  13 | 1062.6 |
         Sewer |   1273 |   1273 |      0 |    717 |    266 |   1 | 1273.0 |
        Bailey |   1474 |   1474 |      0 |    639 |    478 |   1 | 1474.0 |
               +--------+--------+--------+--------+--------+-----+--------+

Top non-repeatable levels by time:
    D:12: 1631 daAuts
  Bailey: 1474 daAuts
     D:3: 1419 daAuts
     D:9: 1370 daAuts
   Sewer: 1273 daAuts
     D:5: 1230 daAuts
    D:11: 1216 daAuts
     D:6: 1206 daAuts
     D:8: 1176 daAuts
    D:10: 1071 daAuts
     D:2: 858 daAuts
     D:4: 786 daAuts
     D:7: 721 daAuts
     D:1: 654 daAuts
    D:13: 469 daAuts
